| TOP OF THE 1ST |
|---|
| Colorado Buffaloes batting - Pitching for Baylor Bears : RHP Adam Turney | | Pitching: RHP Adam Turney | | | Batting: RHB Danny Barbosa | 0-0: Ball 1-0: Bunted foul 1-1: Called Strike 1-2: Ball 2-2: Foul Ball, location: 2F 2-2: Fly out, F9 (Flyball, 9D) | | Batting: RHB Matt Cameron | 0-0: Swinging Strike 0-1: Called Strike 0-2: Ball 1-2: Foul Ball, location: 2F 1-2: Ball 2-2: Foul Ball, location: 2F 2-2: TRIPLE (Line Drive, 78XD) | | Batting: LHB Doug High | 0-0: Ball 1-0: Called Strike 1-1: Foul Ball, location: 2F 1-2: Ball 2-2: Ball 3-2: Ground out 4-3 (Groundball, 4) Matt Cameron scores | | Batting: LHB Aaron Rollins | 0-0: Foul Ball, location: 2F 0-1: Ball 1-1: Ball 2-1: Ground out 6-3 (Groundball, 56) | | Top of the 1st over - 1 run, 1 hit, 0 errors, 0 left on base; Colorado 1 - Baylor 0 | | BOTTOM OF THE 1ST |
|---|
| Baylor Bears batting - Pitching for Colorado Buffaloes : RHP Bill McCrum | | Pitching: RHP Bill McCrum | | | Batting: LHB Danny Barfield | 0-0: Ball 1-0: Ball 2-0: Foul Ball, location: 2F 2-1: Swinging Strike 2-2: Ball 3-2: Ground out U3 (Groundball, 3L) | | Batting: RHB R.J. Garcia | 0-0: Foul Ball, location: 2F 0-1: Ball 1-1: Ball 2-1: Foul Ball, location: 2F 2-2: Strikes out swinging | | Batting: SHB Matt Blohm | 0-0: Foul Ball, location: 2F 0-1: Ball 1-1: Called Strike 1-2: Ball 2-2: Ball 3-2: Base on Balls | | Batting: LHB Mike Herberger | 0-0: Ball 1-0: Foul Ball, location: 2F 1-1: Ball 2-1: Foul Ball, location: 2F 2-2: Ball 3-2: Base on Balls Matt Blohm to second | | Batting: RHB Mike Hossack | 0-0: Fly out, F3 (Popup, 3DF) | | Bottom of the 1st over - 0 runs, 0 hits, 0 errors, 2 left on base; Colorado 1 - Baylor 0 | | TOP OF THE 2ND |
|---|
| Colorado Buffaloes batting - Pitching for Baylor Bears : RHP Adam Turney | | Batting: LHB Pete Bachrach | 0-0: Swinging Strike 0-1: Swinging Strike 0-2: Foul Ball, location: 2F 0-2: Strikes out swinging | | Batting: RHB Peter Jarnov | 0-0: SINGLE (Line Drive, 34) | | Batting: SHB Danny Ellis | 0-0: Ball 1-0: Foul Ball, location: 2F 1-1: Called Strike 1-2: Ball 2-2: Foul Ball, location: 2F 2-2: Grounds into double play, 6-4-3 (Groundball, 6) | | Top of the 2nd over - 0 runs, 1 hit, 0 errors, 0 left on base; Colorado 1 - Baylor 0 | | BOTTOM OF THE 2ND |
|---|
| Baylor Bears batting - Pitching for Colorado Buffaloes : RHP Bill McCrum | | Batting: RHB Jason Bernhard | 0-0: Ball 1-0: Fly out, F9 (Flyball, 9) | | Batting: RHB Ken Boyes | 0-0: Fly out, F9 (Line Drive, 9) | | Batting: LHB Jose Mendez | 0-0: Fly out, F7 (Flyball, 7) | | Bottom of the 2nd over - 0 runs, 0 hits, 0 errors, 0 left on base; Colorado 1 - Baylor 0 | | TOP OF THE 3RD |
|---|
| Colorado Buffaloes batting - Pitching for Baylor Bears : RHP Adam Turney | | Batting: RHB Jeremy Butler | 0-0: Fly out, F8 (Flyball, 8LD) | | Batting: RHB Rich Clohessy | 0-0: Ball 1-0: Called Strike 1-1: Ball 2-1: Swinging Strike 2-2: Strikes out swinging | | Batting: RHB Danny Barbosa | 0-0: Called Strike 0-1: Ball 1-1: Ball 2-1: Foul Ball, location: 2F 2-2: Ball 3-2: Foul Ball, location: 2F 3-2: Ground out U3 (Groundball, 34S) | | Top of the 3rd over - 0 runs, 0 hits, 0 errors, 0 left on base; Colorado 1 - Baylor 0 | | BOTTOM OF THE 3RD |
|---|
| Baylor Bears batting - Pitching for Colorado Buffaloes : RHP Bill McCrum | | Batting: RHB Chris Nolan | 0-0: Ball 1-0: Foul Ball, location: 2F 1-1: Ball 2-1: SINGLE (Groundball, 34D) | | Batting: LHB Danny Barfield | 0-0: Ball 1-0: Swinging Strike 1-1: Ball 2-1: Ball 3-1: Called Strike 3-2: Strikes out swinging Chris Nolan steals 2nd base Batter strikes out. | | Batting: RHB R.J. Garcia | 0-0: Called Strike 0-1: Swinging Strike 0-2: Ball 1-2: Foul Ball, location: 2F 1-2: Ball 2-2: Ground out 1-3 (Groundball, P) Chris Nolan to third | | Batting: SHB Matt Blohm | 0-0: Ball 1-0: Ball 2-0: Foul Ball, location: 2F 2-1: Foul Ball, location: 2F 2-2: Ball 3-2: Foul Ball, location: 2F 3-2: Ground out 6-3 (Groundball, 6) | | Bottom of the 3rd over - 0 runs, 1 hit, 0 errors, 1 left on base; Colorado 1 - Baylor 0 | | TOP OF THE 4TH |
|---|
| Colorado Buffaloes batting - Pitching for Baylor Bears : RHP Adam Turney | | Batting: RHB Matt Cameron | 0-0: Ground out 1-3 (Groundball, 13S) | | Batting: LHB Doug High | 0-0: Called Strike 0-1: Ball 1-1: Foul Ball, location: 2F 1-2: Foul Ball, location: 2F 1-2: Ball 2-2: Ball 3-2: Foul Ball, location: 2F 3-2: SINGLE (Groundball, 34D) | | Batting: LHB Aaron Rollins | 0-0: Ball 1-0: Ball 2-0: Ball 3-0: Called Strike 3-1: SINGLE (Groundball, 34S) (infield hit) Doug High to second | | Batting: LHB Pete Bachrach | 0-0: Foul Ball, location: 2F 0-1: Ball 1-1: Ball 2-1: Ball 3-1: Called Strike 3-2: Strikes out looking | | Batting: RHB Peter Jarnov | 0-0: Ball 1-0: Called Strike 1-1: Called Strike 1-2: Ball 2-2: Strikes out looking | | Top of the 4th over - 0 runs, 2 hits, 0 errors, 2 left on base; Colorado 1 - Baylor 0 | | BOTTOM OF THE 4TH |
|---|
| Baylor Bears batting - Pitching for Colorado Buffaloes : RHP Bill McCrum | | Batting: LHB Mike Herberger | 0-0: Ball 1-0: Foul Ball, location: 2F 1-1: Ball 2-1: Called Strike 2-2: Fly out, F7 (Line Drive, 78S) | | Batting: RHB Mike Hossack | 0-0: Ball 1-0: Fly out, F5 (Popup, 56) | | Batting: RHB Jason Bernhard | 0-0: Ball 1-0: Ball 2-0: Ball 3-0: Base on Balls | | Batting: RHB Ken Boyes | 0-0: Ball 1-0: Ball 2-0: DOUBLE (Groundball, 3L) Jason Bernhard to third Runner from 3rd tries for Home, SAFE, no throw | | Batting: LHB Jose Mendez | 0-0: Ground out 5-3 (Groundball, 56) | | Bottom of the 4th over - 1 run, 1 hit, 0 errors, 1 left on base; Colorado 1 - Baylor 1 | | TOP OF THE 5TH |
|---|
| Colorado Buffaloes batting - Pitching for Baylor Bears : RHP Adam Turney | | Batting: SHB Danny Ellis | 0-0: Called Strike 0-1: Ball 1-1: Ground out 4-3 (Groundball, 4M) | | Batting: RHB Jeremy Butler | 0-0: Ball 1-0: Called Strike 1-1: Foul Ball, location: 2F 1-2: Strikes out swinging | | Batting: RHB Rich Clohessy | 0-0: Ball 1-0: Foul Ball, location: 2F 1-1: Called Strike 1-2: Ball 2-2: Strikes out swinging | | Top of the 5th over - 0 runs, 0 hits, 0 errors, 0 left on base; Colorado 1 - Baylor 1 | | BOTTOM OF THE 5TH |
|---|
| Baylor Bears batting - Pitching for Colorado Buffaloes : RHP Bill McCrum | | Batting: RHB Chris Nolan | 0-0: Called Strike 0-1: Ball 1-1: Called Strike 1-2: Strikes out looking | | Batting: LHB Danny Barfield | 0-0: Swinging Strike 0-1: Called Strike 0-2: Ball 1-2: Foul Ball, location: 2F 1-2: Strikes out looking | | Batting: RHB R.J. Garcia | 0-0: Ball 1-0: Ground out 4-3 (Groundball, 4S) | | Bottom of the 5th over - 0 runs, 0 hits, 0 errors, 0 left on base; Colorado 1 - Baylor 1 | | TOP OF THE 6TH |
|---|
| Colorado Buffaloes batting - Pitching for Baylor Bears : RHP Adam Turney | | Batting: RHB Danny Barbosa | 0-0: Ground out 1-3 (Groundball, 13) | | Batting: RHB Matt Cameron | 0-0: Fly out, F8 (Line Drive, 8LD) | | Batting: LHB Doug High | 0-0: Ball 1-0: Called Strike 1-1: Called Strike 1-2: Strikes out swinging | | Top of the 6th over - 0 runs, 0 hits, 0 errors, 0 left on base; Colorado 1 - Baylor 1 | | BOTTOM OF THE 6TH |
|---|
| Baylor Bears batting - Pitching for Colorado Buffaloes : RHP Bill McCrum | | Batting: SHB Matt Blohm | 0-0: Ball 1-0: Swinging Strike 1-1: Foul Ball, location: 2F 1-2: SINGLE (Groundball, 4MD) | | Batting: LHB Mike Herberger | 0-0: TRIPLE (Flyball, 8LXD) Matt Blohm scores | | Batting: RHB Mike Hossack | 0-0: Ball 1-0: Ball 2-0: Called Strike 2-1: Ground out U3 (Groundball, 34) | | Batting: RHB Jason Bernhard | 0-0: Intentional Walk | | Batting: RHB Ken Boyes | 0-0: Called Strike 0-1: Ball 1-1: Ball Passed Ball! Mike Herberger scores Jason Bernhard to second 2-1: Ball 3-1: Called Strike 3-2: Single, Error in OF, E9, batter to second base Jason Bernhard scores | | Batting: LHB Jose Mendez | 0-0: Intentional Walk | | Batting: RHB Chris Nolan | 0-0: Ball 1-0: Ball 2-0: Ball 3-0: Base on Balls Ken Boyes to third Jose Mendez to second | | Batting: LHB Danny Barfield | 0-0: Called Strike 0-1: Swinging Strike 0-2: Ball 1-2: Ball 2-2: Ball 3-2: Foul Ball, location: 2F 3-2: Base on Balls Ken Boyes scores Jose Mendez to third Chris Nolan to second | | Batting: RHB R.J. Garcia | 0-0: Ball 1-0: Foul Ball, location: 2F 1-1: Foul Ball, location: 2F 1-2: Strikes out looking | | Batting: SHB Matt Blohm | 0-0: Called Strike 0-1: Ground out 4-3 (Groundball, 4) | | Bottom of the 6th over - 4 runs, 3 hits, 1 error, 3 left on base; Colorado 1 - Baylor 5 | | TOP OF THE 7TH |
|---|
| Colorado Buffaloes batting - Pitching for Baylor Bears : RHP Adam Turney | | Batting: LHB Aaron Rollins | 0-0: Ball 1-0: Ball 2-0: DOUBLE (Line Drive, 8LD) | | Batting: LHB Pete Bachrach | 0-0: Ball 1-0: Ball 2-0: Ball 3-0: Base on Balls | | Batting: RHB Peter Jarnov | 0-0: Foul Ball, location: 2F 0-1: Grounds into double play, 6-4-3 (Groundball, 6) Aaron Rollins to third | | Batting: SHB Danny Ellis | 0-0: Ball 1-0: Called Strike 1-1: SINGLE (Line Drive, 8RS) Aaron Rollins scores | | Batting: RHB Jeremy Butler | 0-0: Ball 1-0: Called Strike 1-1: Ball 2-1: Fly out, F7 (Flyball, 7D) | | Top of the 7th over - 1 run, 2 hits, 0 errors, 1 left on base; Colorado 2 - Baylor 5 | | BOTTOM OF THE 7TH |
|---|
| Baylor Bears batting - Pitching for Colorado Buffaloes : RHP Bill McCrum | | Batting: LHB Mike Herberger | 0-0: Ball 1-0: DOUBLE (Line Drive, 78D) | | Batting: RHB Mike Hossack | 0-0: Ball 1-0: Swinging Strike 1-1: Ball 2-1: Foul Ball, location: 2F 2-2: Fly out, F7 (Flyball, 7S) | | Batting: RHB Jason Bernhard | 0-0: Intentional Walk | | Pitching: RHP Alejandro Luna | | | Batting: RHB Ken Boyes | 0-0: Ball 1-0: Foul Ball, location: 2F 1-1: Swinging Strike 1-2: Ball 2-2: Foul Ball, location: 2F 2-2: Foul Ball, location: 2F 2-2: Ball 3-2: Foul Ball, location: 2F 3-2: Base on Balls Mike Herberger to third Jason Bernhard to second | | Batting: LHB Jose Mendez | 0-0: SINGLE (Line Drive, 9LM) Mike Herberger scores Jason Bernhard to third Ken Boyes to second | | Batting: RHB Chris Nolan | 0-0: Called Strike 0-1: Ball 1-1: Swinging Strike 1-2: TRIPLE (Groundball, 3L) Jason Bernhard scores Ken Boyes scores Jose Mendez scores | | Batting: LHB Danny Barfield | 0-0: Foul Ball, location: 2F 0-1: Foul Ball, location: 2F 0-2: SINGLE (Groundball, 34D) Chris Nolan scores | | Batting: RHB R.J. Garcia | 0-0: Ball 1-0: Swinging Strike 1-1: Fly out, F2 (Popup, 23F) | | Batting: SHB Matt Blohm | 0-0: Ball 1-0: Swinging Strike 1-1: Ball 2-1: Ball 3-1: Base on Balls Danny Barfield to second | | Batting: LHB Mike Herberger | 0-0: Ball 1-0: Ball 2-0: Ball 3-0: Called Strike 3-1: DOUBLE (Line Drive, 9LD) Danny Barfield scores Matt Blohm to third Runner from 3rd tries for Home, SAFE, no throw | | Batting: RHB Mike Hossack | 0-0: SINGLE (Flyball, 89S) Mike Herberger to third Runner from 3rd tries for Home, SAFE, no throw | | Batting: RHB Jason Bernhard | 0-0: Ball 1-0: Ball 2-0: Ball 3-0: Base on Balls Mike Hossack to second | | Batting: RHB Ken Boyes | 0-0: Ball 1-0: DOUBLE (Flyball, 89XD) Mike Hossack scores Jason Bernhard to third Runner from 3rd tries for Home, SAFE, throw made at trailing runner, OUT at third! | | Bottom of the 7th over - 10 runs, 7 hits, 0 errors, 0 left on base; Colorado 2 - Baylor 15 | | TOP OF THE 8TH |
|---|
| Colorado Buffaloes batting - Pitching for Baylor Bears : RHP Adam Turney | | Batting: RHB Rich Clohessy | 0-0: Ball 1-0: Ball 2-0: Called Strike 2-1: Called Strike 2-2: Ball 3-2: SINGLE (Line Drive, 9S) | | Batting: RHB Danny Barbosa | 0-0: Ball 1-0: Fly out, F8 (Flyball, 89D) | | Batting: RHB Matt Cameron | 0-0: Ball 1-0: Fly out, F7 (Flyball, 7LM) | | Pinch Hitting: LHB Harry Moore | 0-0: Called Strike 0-1: Ball 1-1: Swinging Strike 1-2: Fly out, F9 (Line Drive, 9D) | | Top of the 8th over - 0 runs, 1 hit, 0 errors, 1 left on base; Colorado 2 - Baylor 15 | | BOTTOM OF THE 8TH |
|---|
| Baylor Bears batting - Pitching for Colorado Buffaloes : RHP Alejandro Luna | | Now at 1B: Harry Moore | | | Batting: LHB Jose Mendez | 0-0: Called Strike 0-1: DOUBLE (Line Drive, 9LM) | | Batting: RHB Chris Nolan | 0-0: Ball 1-0: Ball Wild Pitch! Jose Mendez to third 2-0: Ball 3-0: Called Strike 3-1: SINGLE (Groundball, 56D) Jose Mendez scores | | Batting: LHB Danny Barfield | 0-0: Called Strike 0-1: Fly out, F8 (Flyball, 8RD) | | Batting: RHB R.J. Garcia | 0-0: Ball 1-0: Ball 2-0: Called Strike 2-1: Called Strike 2-2: Foul Ball, location: 2F 2-2: Strikes out swinging | | Batting: SHB Matt Blohm | 0-0: DOUBLE (Groundball, 3L) Chris Nolan to third Runner from 3rd tries for Home, SAFE, no throw | | Batting: LHB Mike Herberger | 0-0: Ball 1-0: Called Strike 1-1: Ball 2-1: Ball 3-1: SINGLE (Line Drive, 9LS) Matt Blohm to third Runner from 3rd tries for Home, SAFE, no throw | | Batting: RHB Mike Hossack | 0-0: Ground out 5-3 (Groundball, 56S) | | Bottom of the 8th over - 3 runs, 4 hits, 0 errors, 1 left on base; Colorado 2 - Baylor 18 | | TOP OF THE 9TH |
|---|
| Colorado Buffaloes batting - Pitching for Baylor Bears : RHP Adam Turney | | Now at 2B: Stephen Howard | | | Batting: LHB Aaron Rollins | 0-0: Ball 1-0: Ball 2-0: Swinging Strike 2-1: Ground out 6-3 (Groundball, 6) | | Batting: LHB Pete Bachrach | 0-0: Ball 1-0: Ball 2-0: Ball 3-0: Called Strike 3-1: Called Strike 3-2: DOUBLE (Flyball, 8RXD) | | Batting: RHB Peter Jarnov | 0-0: Called Strike 0-1: Swinging Strike 0-2: Ball 1-2: Foul Ball, location: 2F 1-2: Ball 2-2: Ground out 6-3 (Groundball, 6) | | Pitching: LHP Mike Fritz | | | Batting: SHB Danny Ellis | 0-0: Ground out 6-3 (Groundball, 56) | | Top of the 9th over - 0 runs, 1 hit, 0 errors, 1 left on base; Colorado 2 - Baylor 18 | |